Unix NetHack Version 5.0.0-0 post-release - last build May  4 2026 22:22:43 (774f63e81ad911689b3a0859ea89b322d5daca8d,branch:main).

Game began 2026-05-05 10:55:06, ended 2026-05-05 16:53:06.

Drastanta, lawful male human Samurai

                                 -----  ------
                                 |.`.|  |....|
                                 |...----...`|
                                 |`.........`|
                                 |..--->---..|
                                ---.---------|
                                |!`.`.|<.^.^.|
                                |!...`|----^.|
                                |.....|   |^--
                                |....`-----^|
                                |`....^.^```|
                                ----------@`|
                                         ----

Drastanta the Ronin    St:13 Dx:17 Co:18 In:10 Wi:6 Ch:7  Lawful
Dlvl:7  $:0  HP:47(47) Pw:16(16) AC:11 Xp:5 T:3843 

Latest messages:
 You cannot drop something you are wearing.
 You cannot drop something you are wearing.
 You cannot drop something you are wearing.
 You drop a cram ration.
 You drop 2 gunyoki.
 You drop 2 lembas wafers.
 You drop a scroll of amnesia.
 You cannot drop something you are wearing.
 You cannot drop something you are wearing.
 You drop a balsa wand.
 You drop a brass wand named Sleep or Death.
 You drop a uranium wand.
 You drop a wand of undead turning.
 You drop a lamp.
 What do you want to take off? [efu or ?*] e
 You finish taking off your mail.
 What do you want to take off? [fu or ?*] d
 You don't have that object.
 What do you want to take off? [fu or ?*] f
 You finish taking off your helm.
 You finish taking off your boots.
 You drop a +0 orcish helm.
 You drop a +1 pair of riding boots.
 You drop a blessed rustproof +4 splint mail.
 You cannot drop something you are wearing.
 You cannot drop something you are wearing.
 There's not enough room to kick in here.
 There's not enough room to kick in here.
 You try to move the boulder, but in vain.
 You try to move the boulder, but in vain.
 You try to move the boulder, but in vain.
 You try to move the boulder, but in vain.
 You try to move the boulder, but in vain.
 You try to move the boulder, but in vain.
 You try to move the boulder, but in vain.
 You try to move the boulder, but in vain.
 Are you sure you want to pray? [yn] (n) y
 You begin praying to Amaterasu Omikami.
 You finish your prayer.
 The voice of Amaterasu Omikami thunders: 
 "Thou art arrogant, mortal."
 "Thou must relearn thy lessons!"
 You feel foolish!
 Sayonara level 6.
 Really quit without saving? [yn] (n) y
 Do you want your possessions identified? [ynq] (y) y
 Do you want to see your attributes? [ynq] (y) y
 Do you want an account of creatures vanquished? [ynaq] (y) y
 Do you want to see your conduct and achievements? [ynq] (y) y
 Do you want to see the dungeon overview? [ynq] (y) y

Inventory:
 Rings    ('=')
  S - a cursed -1 ring of protection (on left hand)
  i - an uncursed ring of searching (on right hand)

Drastanta the Samurai's attributes:

Background:
 You were a Ronin, a level 5 male human Samurai.
 You were lawful, on a mission for Amaterasu Omikami
 who was opposed by Raijin (neutral) and Susanowo (chaotic).
 You were right-handed.
 You were in Sokoban, on level 7.
 You entered the dungeon 3843 turns ago.
 You had 319 experience points, 1 more was needed to attain level 6.

Basics:
 You had all 47 hit points.
 You had all 16 energy points (spell power).
 Your armor class was 11.
 Your wallet was empty.
 Autopickup was off.

Final Characteristics:
 Your strength was 13 (peak:15, limit:18/100).
 Your dexterity was 17 (limit:18).
 Your constitution was 18 (limit:18).
 Your intelligence was 10 (limit:18).
 Your wisdom was 6 (peak:8, limit:18).
 Your charisma was 7 (limit:18).

Final Status:
 You weren't hungry.
 You were unencumbered.
 You were bare handed.
 You had basic skill with martial arts.
 You weren't wearing any armor.

Final Attributes:
 You were piously aligned.
 You had automatic searching.
 You had a small defense penalty (-1).
 You were warded.
 You were fast.
 You were very unlucky.
 Amaterasu Omikami was angry with you.
 You survived.

Miscellaneous:
 You didn't encounter any bones levels.
 Total elapsed playing time was 1 hour, 14 minutes and 48 seconds.

Major events:
 Turn
    1: Drastanta the lawful male human Samurai entered the dungeon
 1169: attained the rank of Ronin (level 3)
 3206: consulted the Oracle
 3206: attained the rank of Ninja (level 6)
 3589: entered Sokoban
 3843: quit

You didn't know any spells.

Skills:
 Fighting Skills
   martial arts      [Basic]
   two weapon combat [Unskilled]
   riding            [Unskilled]
 Weapon Skills
   dagger            [Unskilled]
   knife             [Unskilled]
   short sword       [Basic]
   broadsword        [Unskilled]
   long sword        [Basic]
   two-handed sword  [Unskilled]
   saber             [Unskilled]
   flail             [Unskilled]
   quarterstaff      [Unskilled]
   polearms          [Unskilled]
   spear             [Unskilled]
   lance             [Unskilled]
   bow               [Basic]
   shuriken          [Unskilled]
 Spellcasting Skills
   attack spells     [Unskilled]
   divination spells [Unskilled]
   clerical spells   [Unskilled]

Voluntary challenges:
 Character rerolling was not enabled.
 You never genocided any monsters.
 You never polymorphed an object.
 You never changed form.
 You used no wishes.
 You violated the special Sokoban rules twice.
Achievements:
 You entered a shop.
 You attained the rank of Ronin.
 You consulted the Oracle of Delphi.
 You attained the rank of Ninja.
 You entered Sokoban.

 The Dungeons of Doom: levels 1 to 8
    Level 1:
       Some fountains.
    Level 2:
       A general store.
    Level 3:
    Level 4:
       A sink.
    Level 5:
    Level 6:
    Level 7:
       Many fountains.
       Oracle of Delphi.
    Level 8:
       A fountain.
       Stairs up to Sokoban, level 7.
 Sokoban:
    Level 7: <- You were here.
       Unsolved.


Vanquished creatures:
  a quivering blob
  a vampire bat
  a gold golem
  2 lizards
  2 human zombies
  3 Mordor orcs
 an orc shaman
  2 ponies
  a yellow light
  a kobold mummy
  a guardian naga hatchling
  2 elf zombies
  2 giant ants
  a little dog
  2 kittens
  2 hill orcs
  a centipede
 an orc zombie
  a dwarf zombie
 an iguana
  2 acid blobs
  a gas spore
  2 manes
  a giant rat
  4 cave spiders
  a brown mold
  a yellow mold
  a green mold
  a gnome zombie
  4 geckos
  7 jackals
  a kobold
  4 goblins
  3 grid bugs
  2 lichens
  2 kobold zombies
  5 newts
71 creatures vanquished.

No species were genocided or became extinct.

Sayonara Drastanta the Samurai...

You quit in Sokoban on dungeon level 7 with 2487 points,
and 0 pieces of gold, after 3843 moves.
You were level 5 with a maximum of 47 hit points when you quit.

